 Dungeon Crawl Stone Soup version 0.30-a0-6-g7c9e10e132 (webtiles) character file.

Game seed: 11351809044439288191

2166 SensoryNuts the Cleaver (level 9, -12/75 HPs)
             Began as a Hill Orc Fighter on Aug 22, 2022.
             Mangled by a hornet (13 damage)
             ... on level 7 of the Dungeon.
             The game lasted 00:06:24 (8642 turns).

SensoryNuts the Cleaver (Hill Orc Fighter)          Turns: 8642, Time: 00:06:24

Health: -12/75     AC:  7    Str: 23    XL:     9   Next: 32%
Magic:  9/9        EV: 10    Int:  8    God:
Gold:   363        SH:  4    Dex: 10    Spells: 8/8 levels left

rFire   . . .      SeeInvis .    a - +0 war axe
rCold   . . .      Faith    .    c - +0 buckler
rNeg    . . .      Spirit   .    b - +0 scale mail
rPois   .          Reflect  .    (no helmet)
rElec   +          Harm     .    (no cloak)
rCorr   .          Rampage  .    (no gloves)
Will    .....                    (no boots)
Stlth   ..........               (no amulet)
HPRegen 0.22/turn                (no ring)
MPRegen 0.11/turn                (no ring)

@: mighty, lethally poisoned (-12 -> -23), slowed, unable to drink, very slow
A: electricity resistance, inability to drink after injury 1
a: no special abilities


You were on level 7 of the Dungeon.
You visited 2 branches of the dungeon, and saw 8 of its levels.

You collected 411 gold pieces.
You spent 48 gold pieces at shops.

Inventory:

Hand Weapons
 a - a +0 war axe (weapon)
Armour
 b - a +0 scale mail (worn)
 c - a +0 buckler (worn)
Jewellery
 k - a ring of protection from cold
Wands
 i - a wand of flame (16)
Scrolls
 e - 2 scrolls of enchant weapon
 g - 2 scrolls of identify
 h - 3 scrolls of teleportation
 l - a scroll of amnesia
 m - a scroll of enchant armour
 n - 2 scrolls of fog
Potions
 d - a potion of might
 f - 3 potions of curing
 j - a potion of ambrosia
 o - a potion of brilliance


   Skills:
 + Level 5.8 Fighting
 * Level 12.1 Axes
 + Level 6.7 Armour
 + Level 1.9 Dodging
 + Level 0.4 Stealth
 + Level 4.6 Shields


You had 8 spell levels left.
You didn't know any spells.
Your spell library contained the following spells:

 Spells                   Type           Power      Damage    Failure   Level
 Shock                    Conj/Air       0%         1d3       78%         1
 Swiftness                Air            0%         N/A       98%         3
 Airstrike                Air            0%         2d(0-16)  100%        4


Dungeon Overview and Level Annotations

Branches:
Dungeon (7/15)             Temple (1/1) D:7

Altars:
Ashenzari
Cheibriados
Elyvilon
Fedhas
Gozag
Hepliaklqana
Kikubaaqudgha
Makhleb
Okawaru
Qazlal
Ru
Sif Muna
Uskayaw
Vehumet
Wu Jian
Xom
Zin

Shops:
D:2 :   D:6 ?


Innate Abilities, Weirdness & Mutations

You are resistant to electric shocks. (rElec)
You occasionally lose the ability to drink potions when taking damage.


Message History

The hornet is heavily wounded.
The hornet stings you.
You feel as though you will be slow longer.
The hornet stings you.
You feel as though you will be slow longer.
You slash the hornet!
The hornet is severely wounded.
You block the hornet's attack. The hornet barely misses you.
You hit the hornet.
The hornet is almost dead.
You slash the jelly!
Your hands burn!
The hornet stings you!
You are poisoned.
You feel as though you will be slow longer.
The jelly hits you but does no damage. The hornet stings you.
You feel as though you will be slow longer.
You closely miss the hornet.
The hornet is almost dead.
You slash the jelly!
You kill the jelly!
You feel very sick. The hornet misses you. The hornet stings you!
You feel threatened and lose the ability to drink potions!
You are more poisoned.
You feel as though you will be slow longer.
You miss the hornet.
The hornet is almost dead.
* * * LOW HITPOINT WARNING * * *
You feel extremely sick. The hornet stings you!
* * * LOW HITPOINT WARNING * * *
You feel as though you will be slow longer.
The hornet stings you but does no damage.
You cannot drink potions in your current state!
You cannot drink potions in your current state!
You barely miss the hornet.
The hornet is almost dead.
* * * LOW HITPOINT WARNING * * *
You feel very sick. The hornet stings you!
You die...

#...##....##..##..###+##
#.............##..#
#.............#...#
##..########..#...#
##..##....##..#...#
..............#...#
..............#.<.#
...##..########..# #.@#
#### #.y.......
#......... #.........
#......... #.........
#..##.#### #..# .#


You could see a hornet.

Vanquished Creatures
  Pikel (D:7)
  A water moccasin (D:7)
  2 ice beasts
  A sky beast (D:6)
  3 ogres
  2 phantoms (D:6)
  2 necrophages (D:5)
  A scorpion (D:3)
  2 howler monkeys
  2 jellies (D:7)
  3 hounds
  5 iguanas
  3 orc wizards
  8 gnolls
  12 adders
  2 white imps (D:6)
  An ufetubus (D:6)
  3 worms (D:4)
  4 dart slugs
  18 orcs
  5 bats
  3 endoplasms
  4 giant cockroaches
  5 goblins
  2 hobgoblins (D:2)
  A quokka (D:2)
  8 ball pythons
  2 frilled lizards (D:2)
  10 kobolds
  11 rats
127 creatures vanquished.

Vanquished Creatures (others)
  An orc wizard (D:5)
  A fungus (D:2)
2 creatures vanquished.

Grand Total: 129 creatures vanquished

Notes
Turn   | Place    | Note
-------+----------+-------------------------------------------
     0 | D:1      | SensoryNuts the Hill Orc Fighter began the quest for the
                  | Orb.
     0 | D:1      | Reached XP level 1. HP: 19/19 MP: 1/1
   314 | D:1      | Reached skill level 3 in Axes
   333 | D:1      | Reached XP level 2. HP: 26/27 MP: 2/2
   693 | D:2      | Reached XP level 3. HP: 33/33 MP: 3/3
   889 | D:2      | Reached skill level 4 in Axes
  1189 | D:2      | Reached XP level 4. HP: 29/40 MP: 4/4
  1357 | D:2      | Found Xios's Vocational Training.
  1380 | D:2      | Reached skill level 5 in Axes
  1796 | D:2      | Found a faded altar of an unknown god.
  2478 | D:3      | Found Dearioqe's Antique Armour Shoppe.
  2664 | D:3      | Reached XP level 5. HP: 46/46 MP: 5/5
  2770 | D:3      | Reached skill level 6 in Axes
  2792 | D:3      | Reached XP level 6. HP: 23/53 MP: 6/6
  3568 | D:4      | Reached skill level 7 in Axes
  4193 | D:4      | Reached XP level 7. HP: 56/60 MP: 7/7
  4280 | D:4      | Found an iron altar of Okawaru.
  4443 | D:4      | Found a burning altar of Makhleb.
  4443 | D:4      | Noticed a blizzard demon
  4446 | D:4      | Noticed a neqoxec
  4446 | D:4      | Noticed a hellwing
  4788 | D:5      | Entered Level 5 of the Dungeon
  4808 | D:5      | Reached skill level 8 in Axes
  4824 | D:5      | Reached skill level 1 in Dodging
  5381 | D:5      | Reached skill level 5 in Armour
  5590 | D:5      | Reached skill level 9 in Axes
  6005 | D:5      | Reached XP level 8. HP: 61/67 MP: 8/8
  6436 | D:5      | Reached skill level 5 in Fighting
  6694 | D:5      | Gained mutation: You occasionally lose the ability to drink
                  | potions when taking damage. [potion of mutation]
  6694 | D:5      | Gained mutation: You are resistant to electric shocks.
                  | (rElec) [potion of mutation]
  6810 | D:6      | Reached skill level 10 in Axes
  7112 | D:6      | Found Iteys's Magic Scroll Shoppe.
  7284 | D:6      | Bought a scroll of identify for 24 gold pieces
  7284 | D:6      | Bought a scroll of identify for 24 gold pieces
  7792 | D:6      | Reached skill level 11 in Axes
  8091 | D:7      | Reached XP level 9. HP: 9/74 MP: 9/9
  8505 | D:7      | Found a staircase to the Ecumenical Temple.
  8505 | D:7      | Noticed Pikel
  8511 | D:7      | Killed Pikel
  8512 | D:7      | Reached skill level 12 in Axes
  8525 | Temple   | Entered the Ecumenical Temple
  8633 | D:7      | Noticed a hornet
  8642 | D:7      | HP: 1/75 [poisoned by a hornet]
  8642 | D:7      | Mangled by a hornet

Illustrated notes

Levels and vault maps discovered:
D:1:      dpeg_arrival_ratfight, layout_loops_ring, roderic_roman_lattice,
          hex_medium
D:2:      minmay_recursive_quarters, layout_basic,
          dreamdust_ecumenical_altar_hidden_monk_grotto, nicolae_shop_vocational
D:3:      layout_loops_ring, serial_shops, shop, nicolae_figureground_pulse
D:4:      layout_cave_pools, makhleb_altar_promises_db, okawaru_trees_2
D:5:      layout_loops_cross, corexii_leaking_fountain
D:6:      layout_gridville, serial_shops, nicolae_shop_waterfront
D:7:      layout_gridville, minmay_temple_entry_fiery, serial_shops,
          shop_fountains, moated_statue, uniq_menkaure, uniq_prince_ribbit1,
          uniq_duvessa, uniq_pikel
Temple:   eino_wide_crystal_templ

Skill      XL: |  1  2  3  4  5  6  7  8  9 |
---------------+----------------------------+-----
Axes           | 3 4 5 6 7 9 11 12 | 12.1
Fighting       | 4 5 |  5.8
Armour         | 4 5 6 |  6.7
Dodging        | 1 |  1.9
Shields        | 4 |  4.6
Stealth        | |  0.4

Action                   |  1- 3 |  4- 6 |  7- 9 || total
-------------------------+-------+-------+-------++-------
Melee: War axe           |   109 |   157 |   234 ||   500
  Use: Scroll            |     2 |     3 |     4 ||     9
       Potion            |     1 |     4 |     5 ||    10
Armor: Scale mail        |    62 |    76 |    82 ||   220
Dodge: Dodged            |    42 |    89 |    85 ||   216
Block: Buckler           |    22 |    45 |    42 ||   109

Table legend: (Time is in decaauts)
 A = Elapsed time spent in this place.
 B = Non-inter-level travel time spent in this place.
 C = Inter-level travel time spent in this place.
 D = Time resting spent in this place.
 E = Time spent auto-exploring this place.
 F = Levels seen in this place.
 G = Mean time per level.
                   A        B        C        D        E       F      G
               +--------+--------+--------+--------+--------+-----+--------+
         Total |   8714 |   8556 |    158 |   1233 |   6184 |   8 | 1089.2 |
       Dungeon |   8641 |   8504 |    137 |   1233 |   6144 |   7 | 1234.4 |
        Temple |     72 |     51 |     21 |      0 |     40 |   1 |   72.0 |
               +--------+--------+--------+--------+--------+-----+--------+

Top non-repeatable levels by time:
     D:5: 1714 daAuts
     D:2: 1582 daAuts
     D:3: 1578 daAuts
     D:6: 1330 daAuts
     D:4: 1193 daAuts
     D:1: 705 daAuts
     D:7: 537 daAuts
  Temple: 72 daAuts
